Jonadab, neutral male gnomish Wizard ------ |....| #-....| |....| ##...... # |....| ### --.-|- # # ### ## # # #### # ------+--- ## # |.I......| ` ### -+------------- #### # |.II...G:|###############-.............| # # # |{.......%# ### |.............| ### ---.-|-- |..>.....| |.............| # |......| ---------- |.............-#### ......<| ..............| |......| -------------+- -------- Jonadab the Conjurer Experience level: 3 Strength: 11 Dexterity: 15 Constitution: 11 Intelligence: 19 Wisdom: 10 Charisma: 9 Health: 0(26) Energy: 38(38) Def: 1 Gold: 24 Moves: 245 Dungeon seed: 9tHVZoj5X7E_ztM2 Game ID: Jonadab_1496846589 Your Inventory: Coins $ - 24 gold pieces Weapons a - a blessed +1 quarterstaff m - an uncursed +0 two-handed sword (weapon in hands) Armor e - an uncursed +0 cloak of magic resistance (being worn) Comestibles o - an uncursed tripe ration p - an uncursed cream pie Scrolls h - an uncursed scroll of enchant weapon i - an uncursed scroll of create monster j - an uncursed scroll of genocide Spellbooks l - an uncursed spellbook of cause fear Potions f - 2 uncursed potions of fruit juice g - an uncursed potion of water Rings c - an uncursed +2 ring of increase accuracy d - an uncursed +1 ring of protection Wands b - an uncursed wand of teleportation (0:7) Gems n - 2 uncursed worthless pieces of white glass Spells and supernatural/magical abilities: Name Level Category Fail Memory a - force bolt 1 attack 0% 99% c - cause fear 3 enchantment 0% 99% W - pray for help -- divine ? -- Your skills at the end: Fighting Skills Weapon Skills quarterstaff [Basic] Spellcasting Skills attack spells [Basic] enchantment spells [Basic] Final Attributes: You had transgressed. You were magic-protected. You had infravision. You were unlucky. You are dead. Vanquished creatures: a kitten 2 dwarf zombies a jackal a lichen a newt 6 creatures vanquished. Voluntary challenges: You went without food. You were an atheist. You used a wielded weapon 7 times, starting on turn 6. You were illiterate. You never genocided any monsters. You never polymorphed an object. You never changed form. You used no wishes. You never split a pudding. You never wrote Elbereth's name. You violated your moral code, losing 24 points of alignment, starting on turn 6. Dungeon overview: The Dungeons of Doom: levels 1 to 3 Level 1 a long staircase Level 2 Level 3 <- You were here a fountain stairs to The Gnomish Mines The Gnomish Mines: Level 4 stairs to The Dungeons of Doom History has recorded: On T:1 you entered the Dungeons of Doom to retrieve the Amulet of Yendor! On T:6 you advanced to experience level 2. On T:58 you reached level 2 of The Dungeons of Doom. On T:78 you reached level 3 of The Dungeons of Doom. On T:96 you advanced to experience level 3. On T:216 you reached level 1 of The Gnomish Mines. Score breakdown: Gold: 24 ( 4755 points) Experience: 3 levels ( 7878 points) Exploration: 4 levels ( 8.51%) ( 7661 points) Discoveries: 0 items ( 0.00%) ( 0 points) Valuables value: (no points given unless you survive) Artifact value: 0 ( 0 points) Variety of kills: 5 monsters ( 1.31%) ( 3436 points) Turncount: 245 turns ( 0 points) Survival: died (score multiplied by 80%) Total score: 18984 Latest messages: The door opens. You see here a cream pie. p - a cream pie. The door resists! (2x) The door opens. You hear the chime of a cash register. The jackal bites! You can't go up here. (2x) You kill the jackal! There is a long staircase up here. You see here a jackal corpse. The jackal bites! You are momentarily blinded by a flash of light! It hits! You hit it. You miss it. It bites! It hits! (2x) You can see again. You miss the dwarf zombie. The dwarf zombie hits! You hit the dwarf zombie. You destroy the dwarf zombie! (2x) There is a doorway here. You see here a dwarf corpse. The gecko bites! (2x) You die... Final status: Goodbye Jonadab the Wizard, killed by a gecko... You died in The Dungeons of Doom on dungeon level 3 with 18984 points, and 24 pieces of gold, after 245 moves. You were level 3 with a maximum of 26 hit points when you died.